AoeStats
← 范子豪

Fortress

507350020Analyzed
2v2 RM · 15d ago on Sep 17, 2026· 41m 59s· 4 players
Game mode
Random Map
Map size
Normal (6 player)
Population
200
Speed
Normal
Resources
Standard
Victory
Conquest
Starting age
Dark Age
Ending age
Imperial Age
RankedLock teamsTeams togetherTeam positionsShared explorationLock speedFull tech treeHidden civsTurbo modeCheats
Victory
Defeat
🇨🇦 Franks · Canada
1057
+15
🇨🇳 Malians · China
1030
+16
🇸🇰 Mongols · Slovakia
1065
-17
🇪🇸 Koreans · Spain
1002
-14
范子豪
0:29 Loom
9:16 Feudal Age
10:25 Double-Bit Axe
11:46 Wheelbarrow
11:01 Horse Collar
14:05 Castle Age
12:56 Scale Barding Armor
15:18 Bloodlines
17:59 Gold Mining
22:39 Imperial Age
21:12 Gold Shaft Mining
21:19 Chain Barding Armor
23:48 Farimba
23:44 Heavy Camel Rider
25:10 Husbandry
25:40 Conscription
26:08 Hand Cart
25:46 Town Watch
26:15 Bow Saw
26:11 Heavy Plow
26:49 Forging
28:41 Plate Barding Armor
28:42 Iron Casting
28:46 Town Patrol
32:00 Fortified Wall
32:13 Scale Mail Armor
32:31 Stone Mining
34:33 Stone Shaft Mining
34:40 Hoardings
34:27 Ballistics
36:12 Elite Skirmisher
36:56 Padded Archer Armor
36:48 Fletching
36:30 Light Cavalry
38:44 Leather Archer Armor
40:37 Ring Archer Armor
40:03 Bodkin Arrow
42:11 Chain Mail Armor
Renzler
8:06 Feudal Age
11:58 Castle Age
9:49 Double-Bit Axe
13:17 Bow Saw
15:42 Loom
16:39 Wheelbarrow
22:52 Husbandry
23:07 Forging
25:14 Hand Cart
28:19 Imperial Age
26:23 Fletching
26:39 Scale Barding Armor
29:12 Chain Barding Armor
29:28 Iron Casting
29:10 Gold Mining
29:10 Stone Mining
29:34 Cavalier
30:45 Conscription
31:08 Paladin
31:38 Town Watch
31:23 Heavy Scorpion
33:00 Plate Barding Armor
35:53 Bodkin Arrow
36:00 Padded Archer Armor
39:59 Gold Shaft Mining
40:37 Blast Furnace
39:39 Padded Archer Armor
40:18 Elite Throwing Axeman
41:20 #83
41:56 Pikeman
42:22 Gambesons
42:38 Squires
LAGARTIJA93
4:00 Loom
8:02 Feudal Age
8:51 Double-Bit Axe
13:07 Castle Age
10:57 Horse Collar
14:37 Bow Saw
16:02 Gold Mining
17:18 Crossbowman
18:04 Thumb Ring
18:08 Fletching
21:14 Stone Mining
22:34 Bodkin Arrow
28:20 Wheelbarrow
28:15 Town Watch
29:36 Heavy Plow
32:32 Imperial Age
30:14 Scale Mail Armor
30:47 Squires
32:38 Capped Ram
32:44 Pikeman
33:10 Gambesons
33:49 Conscription
38:40 Chemistry
38:40 Forging
39:40 Two-Man Saw
39:16 Elite Fire Lancer
FESHI21
2:47 Loom
3:10 Loom
9:02 Feudal Age
10:15 Horse Collar
10:22 Double-Bit Axe
12:11 Wheelbarrow
14:52 Castle Age
13:05 Gold Mining
15:06 Bloodlines
15:05 Scale Barding Armor
14:57 Stone Mining
15:14 Fletching
16:41 Bow Saw
16:55 Heavy Plow
17:21 Chain Barding Armor
18:34 Husbandry
19:49 Gold Shaft Mining
20:20 Stone Shaft Mining
21:22 Forging
21:40 Ballistics
21:39 Nomads
21:41 Bodkin Arrow
22:11 Fervor
24:15 Padded Archer Armor
25:30 Hand Cart
27:03 Town Watch
27:57 Leather Archer Armor
30:17 Iron Casting
30:04 Masonry
34:15 Imperial Age
31:56 Scale Mail Armor
32:21 Fortified Wall
32:16 Murder Holes
35:57 Chemistry
35:04 Siege Engineers
35:24 Conscription
34:25 Elite Mangudai
35:44 Hoardings
38:39 Hoardings
38:12 Bracer
37:55 Heavy Camel Rider
39:37 Blast Furnace
Connection lost

Rejoining the realm…

Still unreachable

The connection could not be restored.

Session expired

The server has moved on; the page needs a fresh start.